 Dungeon Crawl Stone Soup version 0.31-a0-1074-g0b22e4e0f1 (webtiles) character file.

Game seed: 14503450515862222504

107 avis the Ducker (level 4, -2/21 HPs)
             Began as a Felid Shapeshifter on Dec 3, 2023.
             Slain by a gnoll
             ... wielding a +0 halberd
              (13 damage)
             ... on level 3 of the Dungeon.
             The game lasted 00:09:29 (2316 turns).

avis the Ducker (Felid Shapeshifter)                Turns: 2316, Time: 00:09:30

Health: -2/21      AC:  1    Str: 10    XL:     4   Next: 56%
Magic:  6/6        EV: 18    Int: 11    God:
Gold:   208        SH:  0    Dex: 17    Spells: 0/5 levels left
                                        Lives:  0   Deaths: 2

rFire   . .          .
                       - Unarmed
rCold   . . .        (shield unavailable)
rNeg    . . .        (body armour unavailable)
rPois   .            (helmet unavailable)
rElec   .            (cloak unavailable)
rCorr   .            (gloves unavailable)
SInv    +            (boots unavailable)
Will    .....        (no amulet)
Stlth   ++           (no ring)
HPRegen 0.23/turn    (no ring)
MPRegen 0.10/turn

%: no passive effects
@: beast-form, quick
A: beast (slay +2), very small, claws 1, fangs 3, see invisible, speed 1, shaggy
fur 1, stealthy paws, no weapons or thrown items, no armour, multi-lived
a: Begin Untransformation


You were on level 3 of the Dungeon.
You were a hulking beast.
You visited 1 branch of the dungeon, and saw 3 of its levels.

You collected 208 gold pieces.

Inventory:

Talismans
 b - a beast talisman
 c - a flux talisman
Scrolls
 a - a scroll of fear {unknown}
 e - 2 scrolls of revelation {unknown}
 f - a scroll of acquirement {unknown}
 g - 4 scrolls of identify {unknown}
 h - 2 scrolls of teleportation {unknown}
 i - a scroll of blinking {unknown}
 j - a scroll of butterflies {unknown}
 n - a scroll of fog {unknown}
 o - 2 scrolls of amnesia {unknown}
Potions
 d - 2 potions of curing
 k - a potion of heal wounds {unknown}
 l - a potion of haste {unknown}
 m - a potion of attraction {unknown}


   Skills:
 - Level 3.0 Fighting
 * Level 3.7 Dodging
 - Level 3.0 Unarmed Combat
 - Level 1.0 Spellcasting
 + Level 0.6 Summonings
 - Level 2.0 Translocations
 - Level 3.5 Shapeshifting


You couldn't memorise any spells.
You knew the following spells:

 Your Spells              Type           Power      Damage    Failure   Level
b - Blink                 Tloc           8%         N/A       22%         2
d - Call Canine Familiar  Summ           1%         N/A       58%         3

Your spell library contained the following spells:

 Spells                   Type           Power      Damage    Failure   Level
 Lesser Beckoning         Tloc           8%         N/A       22%         2
 Summon Small Mammal      Summ           4%         N/A       26%         1
 Momentum Strike          Conj/Tloc      4%         3d8       32%         2
 Summon Guardian Golem    Hex/Summ       1%         N/A       65%         3


Dungeon Overview and Level Annotations

Branches:
Dungeon (3/15)

Altars:

Shops:
D:1 [

Annotations:
D:2 exclusions: orc and orc wizard


Innate Abilities, Weirdness & Mutations

You are a hulking beast.
Your limbs bulge with bestial killing power. (Slay +2)
You have sharp claws.
You have razor-sharp teeth.
You have supernaturally acute eyesight. (SInv)
You cover ground quickly. (Speed+)
You are covered in fur. (AC +1)
Your paws help you pounce on unaware monsters.
You are incapable of wielding weapons or throwing items.
You cannot wear armour.
You gain extra lives every three experience levels.


Message History

You now have 208 gold pieces (gained 9).
A goblin comes into view. It is wielding a +0 club.
The goblin shouts!
You scratch the goblin.
The goblin is moderately wounded.
The goblin hits you with a +0 club.
You claw the goblin!
You kill the goblin!
Found a scroll labelled MEMNEU PYCAL.
Things that are here:
a +0 club; a goblin corpse
a - a scroll labelled MEMNEU PYCAL
Found a stone staircase leading down and a stone staircase leading up.
h - 2 scrolls labelled ULAESEKIKH (gained 1)
o - 2 scrolls labelled SEPNAE YVOEMAB A kobold comes into view.
It is wielding a +0 dagger.
Found a faintly humming helmet.
A ball python comes into view.
The kobold shouts!
The ball python hisses angrily.
You barely miss the kobold. You bite the kobold.
The kobold is severely wounded.
The kobold barely misses you.
You scratch the kobold.
You kill the kobold!
The gnoll barely misses you.
You scratch the ball python.
You kill the ball python!
You see here a ball python corpse.
Things that are here:
a +0 dagger; the +2 helmet of the Endless Expanse {Harm Drain rElec} You scratch the gnoll but do no damage.
The gnoll completely misses you.
You scratch the gnoll. Your bite misses the gnoll.
The gnoll is heavily wounded.
The gnoll hits you with a +0 halberd!
Ouch! That really hurt!
You barely miss the gnoll.
The gnoll is heavily wounded.
The gnoll hits you with a +0 halberd!
Ouch! That really hurt!
You die...

#. ... #..... #....
#.#.. #.#.# #.
#.#.# #. #.#.# #.
#.h# ## #.##g###.##
#.#.#..g#.# #
#.##......#
#..##.###...#.##
#.....<........###
#~.#.##............
#.........###
####.........


You could see a gnoll.

Vanquished Creatures
  Jessica (D:2)
  3 gnolls
  An adder (D:2)
  A worm (D:2)
  A dart slug (D:2)
  5 ball pythons
  4 endoplasms
  4 giant cockroaches
  6 goblins
  2 hobgoblins
  4 kobolds
  A bat (D:2)
  2 frilled lizards (D:1)
  2 rats
37 creatures vanquished.

Notes
Turn   | Place    | Note
-------+----------+-------------------------------------------
     0 | D:1      | avis the Felid Shapeshifter began the quest for the Orb.
     0 | D:1      | Reached XP level 1. HP: 9/9 MP: 2/2
    78 | D:1      | Found a faded altar of an unknown god.
   173 | D:1      | Reached XP level 2. HP: 13/13 MP: 3/3
   266 | D:1      | Found Bacla Xosm's Antique Armour Shoppe.
   669 | D:1      | Reached XP level 3. HP: 16/16 MP: 4/4
  1028 | D:2      | Learned a level 2 spell: Blink
  1282 | D:2      | Reached skill level 1 in Translocations
  1602 | D:2      | Noticed Jessica
  1608 | D:2      | Killed Jessica
  1609 | D:2      | Reached skill level 1 in Spellcasting
  1609 | D:2      | Reached XP level 4. HP: 18/21 MP: 4/6
  1613 | D:2      | Learned a level 3 spell: Call Canine Familiar
  2217 | D:3      | Slain by a gnoll
  2265 | D:3      | Slain by a gnoll
  2311 | D:3      | Identified the +2 helmet of the Endless Expanse {Harm Drain
                  | rElec}
  2316 | D:3      | Slain by a gnoll

Illustrated notes

Levels and vault maps discovered:
D:1:      dpeg_arrival_arbitrary_c, layout_loops_ring, serial_shops,
          nicolae_shop_back_alley_shop, shapermc_ecumenical_altar_starsandcircs,
          hangedman_abyss_or_decor_stabs, dreamdust_princess_corridor
D:2:      layout_basic, minmay_tripent, uniq_jessica
D:3:      layout_loops_ring, nrook_loot_triangle, st_stairs_2, fountainhead,
          minmay_door_square

Skill      XL: |  1  2  3 |
---------------+----------+-----
Fighting       | 2 3 |  3.0
Dodging        | 3 |  3.7
Translocations | 2 |  2.0
Spellcasting   | 1 |  1.0
Unarmed Combat | |  3.0
Summonings     | |  0.6
Shapeshifting  | |  3.5

Action                     |  1- 3 |  4- 6 || total
---------------------------+-------+-------++-------
  Melee: Unarmed           |    68 |    21 ||    89
         Bite              |    11 |     4 ||    15
         Punch             |     1 |       ||     1
   Cast: Call Canine Famil |       |     1 ||     1
    Use: Potion            |       |     2 ||     2
   Stab: Sleeping          |     2 |       ||     2
 Armour: Skin              |     9 |    17 ||    26
  Dodge: Dodged            |    35 |    12 ||    47

Table legend: (Time is in decaauts)
 A = Elapsed time spent in this place.
 B = Non-inter-level travel time spent in this place.
 C = Inter-level travel time spent in this place.
 D = Time resting spent in this place.
 E = Time spent auto-exploring this place.
 F = Levels seen in this place.
 G = Mean time per level.
                   A        B        C        D        E       F      G
               +--------+--------+--------+--------+--------+-----+--------+
         Total |   1919 |   1735 |    184 |    141 |   1223 |   3 |  639.7 |
       Dungeon |   1919 |   1735 |    184 |    141 |   1223 |   3 |  639.7 |
               +--------+--------+--------+--------+--------+-----+--------+

Top non-repeatable levels by time:
     D:2: 1005 daAuts
     D:1: 814 daAuts
     D:3: 100 daAuts
